 Dungeon Crawl Stone Soup version 0.31-a0-185-g9dded2c639 (webtiles) character file.

Game seed: 371416016147851050

20 qw the Shooter (level 2, -1/16 HPs)
             Began as a Deep Elf Hunter on June 22, 2023.
             Succumbed to their own poison gas
             ... on level 1 of the Dungeon.
             The game lasted 00:00:13 (509 turns).

qw the Shooter (Deep Elf Hunter)                     Turns: 509, Time: 00:00:13

Health: -1/16      AC:  6    Str:  8    XL:     2   Next: 58%
Magic:  4/4        EV: 10    Int: 13    God:
Gold:   70         SH:  0    Dex: 18    Spells: 1/1 levels left

rFire   . . .        Y - +0 shortbow
rCold   . . .        (shield currently unavailable)
rNeg    . . .        e - +0 ring mail
rPois   .            (no helmet)
rElec   .            g - +0 cloak
rCorr   .            (no gloves)
SInv    .            (no boots)
Will    .....        (no amulet)
Stlth   +            (no ring)
HPRegen 0.22/turn    (no ring)
MPRegen 0.09/turn

%: no passive effects
@: lethally poisoned (-1 -> -8)
A: no striking features
a: no special abilities


You were on level 1 of the Dungeon.
You visited 1 branch of the dungeon, and saw 1 of its levels.

You collected 70 gold pieces.


   Skills:
 - Level 1.5 Fighting
 + Level 6.3 Ranged Weapons
 - Level 2.4 Dodging
 - Level 1.2 Stealth


You had one spell level left.
You didn't know any spells.
Your spell library was empty.

Inventory:

Hand Weapons
 Y - a +0 shortbow (weapon)
Armour
 e - a +0 ring mail (worn)
 g - a +0 cloak (worn)
Scrolls
 a - a scroll of identify

Dungeon Overview and Level Annotations

Branches:
Dungeon (1/15)

Altars:

Shops:
D:1 [


Message History

It is a scroll of identify.
Really abort (and waste the scroll)?
Done exploring.
503 ||| READING scroll labelled ESTREGGA LYZISO.
The air fills with toxic fumes!
As you read the scroll labelled ESTREGGA LYZISO, it crumbles to dust.
It was a scroll of poison.
Done exploring.
504 ||| DROPPING scroll of butterflies.
You drop a scroll of butterflies.
Done exploring.
(D) Dungeon
Where to? (* - list waypoints, ? - help)
What level of the Dungeon? (default 1, ? - help) Sorry, I don't know how to get there.
Enter note:
Enter note:
Enter note:
Enter note:
Enter note:
Enter note:
Enter note:
Enter note:
Enter note:
Enter note:
Enter note:
Enter note: Really walk into that cloud of poison gas?
You are engulfed in poison gas.
You are lethally poisoned!
You feel very sick.
506 ||| Stepping ~*~*~tactically~*~*~ (cloud).
You feel very sick.
Things that are here:
a scroll of butterflies; a +0 leather armour
There is a lethal amount of poison in your body!
You feel very sick.
There is a lethal amount of poison in your body!
You feel very sick.
There is a lethal amount of poison in your body!
You die...

.......................#
...#...#..%............#
.......................#
...#...#...............#
...#...#...............#
...#####....############
...#######.###
.........¤0¤¤###########
......####.#¤¤0¤@¤¤¤¤00#
.........#.#¤0¤¤¤¤¤¤¤¤0#
....:....#.#¤¤¤¤¤¤0¤¤¤¤#
.........#.#¤¤¤¤¤00¤¤¤¤#
#.........¤0¤¤¤¤¤¤¤¤¤¤¤#
.........#¤#0¤¤¤¤¤¤¤¤¤¤#
.........#.#¤¤¤¤¤¤00¤¤¤#
..#...#....#¤¤¤0¤¤¤¤0¤¤#
..##++#.......##..######


There were no monsters in sight!

Vanquished Creatures
  3 ball pythons (D:1)
  An endoplasm (D:1)
  A giant cockroach (D:1)
  2 goblins (D:1)
  4 hobgoblins (D:1)
  A quokka (D:1)
  3 bats (D:1)
  3 frilled lizards (D:1)
  A kobold (D:1)
  A rat (D:1)
20 creatures vanquished.

Notes
Turn   | Place    | Note
-------+----------+-------------------------------------------
     0 | D:1      | qw the Deep Elf Hunter began the quest for the Orb.
     0 | D:1      | Reached XP level 1. HP: 12/12 MP: 3/3
     0 | D:1      | 0 ||| qw: Version: 0.3-a-9-g12657ce
     0 | D:1      | 0 ||| qw: Game counter: 1717
     0 | D:1      | 0 ||| qw: Always use a shield: true
     0 | D:1      | 0 ||| qw: God list: Okawaru
     0 | D:1      | 0 ||| qw: Allow faded altars: false
     0 | D:1      | 0 ||| qw: Do Orc after D:15 true
     0 | D:1      | 0 ||| qw: Do second Lair branch before Depths: true
     0 | D:1      | 0 ||| qw: Lair rune preference: random
     0 | D:1      | 0 ||| qw: Plans: Normal
     0 | D:1      | 0 ||| PLANNING D:1-11
   190 | D:1      | Found Pepaegev's Armour Shop.
   195 | D:1      | 195 ||| SHOPLISTING scarf of repulsion (132 gold, have 41).
   203 | D:1      | Reached skill level 6 in Ranged Weapons
   203 | D:1      | Reached XP level 2. HP: 16/16 MP: 4/4
   486 | D:1      | 486 ||| UPGRADING to +0 ring mail.
   496 | D:1      | 496 ||| DROPPING +0 leather armour.
   497 | D:1      | 497 ||| UPGRADING to +0 cloak.
   502 | D:1      | 502 ||| READING 2 scrolls labelled CECUEN PA APUU.
   503 | D:1      | 503 ||| READING scroll labelled ESTREGGA LYZISO.
   504 | D:1      | 504 ||| DROPPING scroll of butterflies.
   506 | D:1      | 506 ||| Stepping ~*~*~tactically~*~*~ (cloud).
   507 | D:1      | HP: 4/16 [poisoned by you (poison gas)]
   508 | D:1      | HP: 1/16 [poisoned by you (poison gas)]
   509 | D:1      | Succumbed to their own poison gas

Levels and vault maps discovered:
D:1:      beargit_arrival_diablo_church, layout_basic, serial_shops, shop

Skill      XL: |  1 |
---------------+----+-----
Ranged Weapons | 6 |  6.3
Fighting       | |  1.5
Dodging        | |  2.4
Stealth        | |  1.2

Action                     || total
---------------------------++-------
   Fire: Shortbow          ||    40
    Use: Scroll            ||     2
 Armour: Leather armour    ||     1

Table legend:
 A = Non-vault XP
 B = Vault XP
 C = Vault XP percentage of total XP
 D = Non-vault monster count
 E = Vault monster count
 F = Vault count percentage of total count
                 A         B        C        D         E       F
            +---------+---------+-------+---------+---------+-------
      Total |      29 |       0 |   0.0 |      20 |       0 |   0.0
            +---------+---------+-------+---------+---------+-------
        D:1 |      29 |       0 |   0.0 |      20 |       0 |   0.0
            +---------+---------+-------+---------+---------+-------
